AoeStats
← LM | TornardoBriese

Arabian Desert

510329345Analyzed
1v1 RM · 20h ago on Sep 30, 2026· 43m 27s· 2 players
Game mode
Random Map
Map size
Tiny (2 player)
Population
200
Speed
Normal
Resources
Standard
Victory
Conquest
Starting age
Dark Age
Ending age
Imperial Age
RankedLock teamsTeams togetherTeam positionsShared explorationLock speedFull tech treeHidden civsTurbo modeCheats
Victory
Defeat
🇨🇭 Bohemians · Switzerland
1164
+15
🇵🇰 Saracens · Pakistan
1144
-15
MaMo7x
6:35 Loom
9:41 Feudal Age
18:31 Double-Bit Axe
21:06 Gold Mining
25:30 Castle Age
23:55 Bloodlines
29:37 Imperial Age
26:53 Crossbowman
27:38 Thumb Ring
27:25 Fletching
27:36 Padded Archer Armor
29:57 Bodkin Arrow
35:38 Leather Archer Armor
LM | TornardoBriese
6:32 Loom
9:22 Feudal Age
10:11 Double-Bit Axe
13:03 Forging
22:17 Castle Age
20:23 Horse Collar
25:14 Wheelbarrow
26:45 Bow Saw
26:29 Town Watch
29:00 Chemistry
29:46 Fletching
31:21 Crossbowman
33:12 Scale Barding Armor
38:22 Imperial Age
36:27 Elite Skirmisher
37:04 Bodkin Arrow
37:10 Padded Archer Armor
39:11 Hand Cart
39:35 Bracer
40:22 Leather Archer Armor
40:40 Ballistics
41:28 Houfnice
43:52 Chain Barding Armor
Connection lost

Rejoining the realm…

Still unreachable

The connection could not be restored.

Session expired

The server has moved on; the page needs a fresh start.